 Dungeon Crawl Stone Soup version 0.24-a0-333-g864f2b5 (webtiles) character file.

Game seed: 1498776661155337339

87 MisterFreud the Changer (level 4, 0/28 HPs)
             Began as an Octopode Transmuter on May 17, 2019.
             Succumbed to an adder's poison
             ... on level 3 of the Dungeon.
             The game lasted 00:04:03 (2504 turns).

MisterFreud the Changer (Octopode Transmuter)       Turns: 2504, Time: 00:04:04

Health: 0/28       AC:  1    Str:  9    XL:     4   Next: 51%
Magic:  7/8        EV: 19    Int: 16    God:
Gold:   175        SH:  0    Dex: 17    Spells: 3/9 levels left

rFire    . . .     SeeInvis .     - Unarmed
rCold    . . .     Gourm    .   (no shield)
rNeg     . . .     Faith    .   (helmet restricted)
rPois    .         Spirit   .   h - amulet of rage
rElec    .         Reflect  .   k - ring of resist corrosion
rCorr    +         Harm     .   (no ring)
MR       .....                  (no ring)
Stlth    ++++......             (no ring)
HPRegen  0.09/turn              (no ring)
MPRegen  0.11/turn              (no ring)
                                (no ring)
                                (no ring)

@: agile, lethally poisoned (0 -> -15)
A: almost no armour, stealthy swim, amphibious, 8 rings, constrict 8, camouflage
1, gelatinous body 1
a: Evoke Berserk Rage


You were on level 3 of the Dungeon.
You were not hungry.

You visited 1 branch of the dungeon, and saw 3 of its levels.

You collected 175 gold pieces.

Inventory:

Missiles
 a - 79 arrows
 f - 111 stones (quivered)
 i - 16 poisoned darts
 l - a throwing net
Armour
 m - a +0 buckler
Jewellery
 h - an amulet of rage (around mantle)
 k - a ring of resist corrosion (left tentacle)
Scrolls
 b - 2 scrolls of remove curse
 d - 2 scrolls of teleportation
 n - a scroll of immolation {unknown}
 o - a scroll of identify
Potions
 e - 3 potions of flight
 j - 2 potions of magic
Comestibles
 c - 4 rations
 g - 3 chunks of flesh


   Skills:
 - Level 1.0 Fighting
 - Level 2.0 Dodging
 - Level 3.0 Unarmed Combat
 + Level 3.2 Spellcasting
 * Level 3.6 Transmutations


You had 3 spell levels left.
You knew the following spells:

 Your Spells              Type           Power        Failure   Level  Hunger
a - Beastly Appendage     Tmut           ##....       4%          1    None
b - Sticks to Snakes      Tmut           ##......     6%          2    ##.....
c - Spider Form           Tmut/Pois      #.........   26%         3    ###....

Your spell library contained the following spells:

 Spells                   Type           Power        Failure   Level  Hunger
 Ice Form                 Ice/Tmut       #.......     65%         4    ####...
 Blade Hands              Tmut           ##........   75%         5    ######.


Dungeon Overview and Level Annotations

Branches:
Dungeon (3/15)

Altars:
Zin


Innate Abilities, Weirdness & Mutations

You cannot wear most types of armour.
You are very stealthy in the water. (Stealth+)
You are amphibious.
You can wear up to eight rings at the same time.
You can use your tentacles to constrict eight enemies at once.
Your skin changes colour to match your surroundings (Stealth+).
Your rubbery body absorbs attacks. (AC +1, EV +1)


Message History

You feel sick.
You feel sick.
You feel sick.
Your transformation has ended.
* * * LOW HITPOINT WARNING * * *
You feel sick.
There is a lethal amount of poison in your body!
It was a potion of agility.
You feel agile all of a sudden.
* * * LOW HITPOINT WARNING * * *
You feel sick.
* * * LOW HITPOINT WARNING * * *
You feel sick.
* * * LOW HITPOINT WARNING * * *
You feel sick.
Okay, then.
Unknown command.
* * * LOW HITPOINT WARNING * * *
You feel sick.
You die...

!...s... !.....#
#.#...#### #........#
#.>......#
#........######
#.†..........b# #
#.............# #
##..@.........# #
####.........# #
###.........# #
####....#......# #
#(..............# #####
###
#########.......###....
##.# #.#
#............... ##..##
##.## ##...............
#....# #...#
#....#######.....


There were no monsters in sight!

Vanquished Creatures
  2 adders (D:3)
  2 oozes
  A dart slug (D:3)
  3 leopard geckos
  A giant cockroach (D:2)
  9 goblins
  10 hobgoblins
  4 jackals (D:2)
  4 kobolds
  2 quokkas (D:2)
  3 bats
  5 frilled lizards
  6 rats
52 creatures vanquished.

Notes
Turn   | Place    | Note
-------+----------+-------------------------------------------
     0 | D:1      | MisterFreud the Octopode Transmuter began the quest for the
                  | Orb.
     0 | D:1      | Reached XP level 1. HP: 13/13 MP: 3/3
   101 | D:1      | Reached XP level 2. HP: 15/18 MP: 5/5
   548 | D:2      | Reached XP level 3. HP: 11/23 MP: 4/6
  1597 | D:2      | Found a glowing silver altar of Zin.
  1657 | D:3      | Learned a level 2 spell: Sticks to Snakes
  1661 | D:3      | Learned a level 3 spell: Spider Form
  1769 | D:3      | Reached XP level 4. HP: 28/28 MP: 8/8
  2503 | D:3      | HP: 1/28 [poisoned by an adder]
  2504 | D:3      | Succumbed to an adder's poison

Levels and vault maps discovered:
D:1:      lightli_arrival_statuegarden, layout_rooms
D:2:      layout_basic, zin_statuary
D:3:      layout_basic, serial_curves, eino_curves_02, eino_curves_03,
          eino_curves_04, minmay_starry_boxes

Skill      XL: |  1  2  3 |
---------------+----------+-----
Transmutations | 3 |  3.6
Spellcasting   | 3 |  3.2
Fighting       | |  1.0
Dodging        | |  2.0
Unarmed Combat | |  3.0

Action                   |  1- 3 |  4- 6 || total
-------------------------+-------+-------++-------
Melee: Unarmed           |   102 |    25 ||   127
       Constrict         |    25 |     4 ||    29
       Tentacles         |    15 |     1 ||    16
       Punch             |     1 |       ||     1
       Kick              |     4 |     1 ||     5
 Cast: Beastly Appendage |     4 |     1 ||     5
       Spider Form       |       |     2 ||     2
 Abil: End Transformatio |       |     2 ||     2
  Use: Scroll            |     6 |       ||     6
       Potion            |       |     1 ||     1
 Stab: Sleeping          |     7 |     1 ||     8
  Eat: Chunk             |     3 |     2 ||     5
Armor: Skin              |     1 |     2 ||     3
Dodge: Dodged            |    62 |    11 ||    73

Table legend:
 A = Non-vault XP
 B = Vault XP
 C = Vault XP percentage of total XP
 D = Non-vault monster count
 E = Vault monster count
 F = Vault count percentage of total count
                 A         B        C        D         E       F
            +---------+---------+-------+---------+---------+-------
      Total |     112 |      13 |  10.4 |      47 |       5 |   9.6
            +---------+---------+-------+---------+---------+-------
        D:1 |      28 |       0 |   0.0 |      16 |       0 |   0.0
        D:2 |      48 |       0 |   0.0 |      25 |       0 |   0.0
        D:3 |      36 |      13 |  26.5 |       6 |       5 |  45.5
            +---------+---------+-------+---------+---------+-------
